 Dungeon Crawl Stone Soup version 0.24.1-14-gf8d2b509d9 (webtiles) character file.

Game seed: 6699733634967976732, levelgen mode: deterministic

10656 Peloso the Blocker (level 11, -32/89 HPs)
             Began as a Demigod Fighter on May 25, 2020.
             Killed from afar by a deep elf annihilator (51 damage)
             ... with an iron shot
             ... on level 12 of the Dungeon.
             The game lasted 00:25:52 (12923 turns).

Peloso the Blocker (Demigod Fighter)               Turns: 12923, Time: 00:25:53

Health: -32/89     AC: 15    Str: 32    XL:     11   Next: 16%
Magic:  23/23      EV:  8    Int: 14    God:
Gold:   490        SH: 22    Dex: 15    Spells: 10/10 levels left

rFire    . . .     SeeInvis +   a - +0 long sword
rCold    . . .     Gourm    .   c - +2 large shield
rNeg     . . .     Faith    .   m - +0 chain mail of the Sunfish {*Contam +Fly rCorr Int+2}
rPois    .         Spirit   .   (no helmet)
rElec    +         Reflect  .   P - +0 cloak of Eternal Night {*Slow rElec Str+2 Stlth+} (curse)
rCorr    +         Harm     .   n - +2 pair of gloves
MR       +....                  (no boots)
Stlth    ..........             (no amulet)
HPRegen  0.24/turn              e - ring of see invisible
MPRegen  0.18/turn              w - ring of magical power

@: mighty
A: high mp 1
a: Evoke Flight


You were on level 12 of the Dungeon.
You were hungry.

You visited 1 branch of the dungeon, and saw 12 of its levels.
You also visited: Sewer.

You collected 490 gold pieces.

Inventory:

Hand Weapons
 a - a +0 long sword (weapon)
 b - a +2 demon trident of venom
 L - the +10 spear of the Hero {holy, SInv}
   (You found it on level 7 of the Dungeon)

   It has been blessed by the Shining One to cause great damage to the undead
   and demons.
   It lets you see invisible.
Armour
 c - a +2 large shield (worn)
 m - the +0 chain mail of the Sunfish (worn) {*Contam +Fly rCorr Int+2}
   (You found it on level 5 of the Dungeon)

   It affects your intelligence (+2).
   It lets you fly.
   It causes magical contamination when unequipped.
   It provides partial protection from all sources of acid and corrosion.
 n - a +2 pair of gloves (worn)
 D - a +0 plate armour
 F - a +0 cloak
 K - a scarf of cloud immunity
 P - the cursed +0 cloak of Eternal Night (worn) {*Slow rElec Str+2 Stlth+}
   (You found it on level 12 of the Dungeon)

   It affects your strength (+2).
   It insulates you from electricity.
   It may slow you when you take damage.
   It makes you more stealthy.
   It has a curse placed upon it.
Jewellery
 e - a ring of see invisible (left hand)
 h - an uncursed ring of see invisible
 w - a ring of magical power (right hand)
Wands
 G - a wand of flame (26)
 H - a wand of disintegration (17)
 I - a wand of digging (7)
 M - a wand of acid (7)
Scrolls
 g - 5 scrolls of identify
 i - 4 scrolls of blinking
 j - 3 scrolls of fog
 k - 5 scrolls of enchant weapon
 o - 6 scrolls of remove curse
 t - 3 scrolls of amnesia
 u - 2 scrolls of magic mapping
 y - 2 scrolls of fear
 z - 4 scrolls of vulnerability {unknown}
 A - 2 scrolls of teleportation {unknown}
 C - a scroll of silence {unknown}
 E - 2 scrolls of enchant armour {unknown}
 J - a scroll of summoning {unknown}
Potions
 d - a potion of might
 l - 2 potions of magic
 p - 4 potions of heal wounds
 q - 2 potions of curing
 r - 2 potions of brilliance
 s - a potion of flight
 v - a potion of berserk rage
 x - 2 potions of agility
 B - a potion of ambrosia
Miscellaneous
 N - a lightning rod (4/4)
Comestibles
 f - 26 rations
 O - 4 chunks of flesh


   Skills:
 + Level 6.1 Fighting
 + Level 10.0 Long Blades
 + Level 1.1 Polearms
 + Level 6.6 Armour
 + Level 3.4 Dodging
 + Level 0.4 Stealth
 + Level 10.2 Shields


You had 10 spell levels left.
You didn't know any spells.
Your spell library contained the following spells:

 Spells                   Type           Power        Failure   Level  Hunger
 Beastly Appendage        Tmut           #.....       100%        1    ##.....
 Corona                   Hex            #......      100%        1    ##.....
 Ensorcelled Hibernation  Hex/Ice        #.....       100%        2    ###....
 Sticks to Snakes         Tmut           #.......     100%        2    ###....
 Confuse                  Hex            #.......     100%        3    ####...
 Dazzling Spray           Conj/Hex       #.....       100%        3    ####...
 Spider Form              Tmut/Pois      #.........   100%        3    ####...
 Tukima's Dance           Hex            #.......     100%        3    ####...
 Ice Form                 Ice/Tmut       #.......     100%        4    #####..
 Blade Hands              Tmut           #.........   100%        5    ######.


Dungeon Overview and Level Annotations

Branches:
Dungeon (12/15)            Temple (0/1) D:5            Lair (0/6) D:11
  Sewer (visited)
    Orc: D:9-12

Shops:
D:4 %   D:11 *

Annotations:
D:7 Prince Ribbit


Innate Abilities, Weirdness & Mutations

You have an increased reservoir of magic. (+10% MP)


Message History

The deep elf annihilator hits you but does no damage.
You miss the deep elf annihilator.
You feel sick.
Unknown command.
You slash the deep elf annihilator!
The deep elf annihilator is lightly wounded.
You feel sick.
The deep elf annihilator hits you with a +0 long sword.
Unknown command.
You slash the deep elf annihilator!
The deep elf annihilator is moderately wounded.
You feel sick.
The deep elf annihilator casts a spell at you.
The poison arrow hits you!
You are more poisoned.
* * * LOW HITPOINT WARNING * * *
You feel better.
The deep elf annihilator gestures at you while chanting.
The iron shot hits you!!!
Ouch! That really hurt!
You die...

#.....>.# #.......#
#.......# #.......#
#<......# #########
####.#### #)......
#...# #...### #...#
#@..## .#...#
##e..#.##...##
#.....#..#..#
####....##..#..##
##..'..###..##...###
#...####...##......##
#.....'..###...###..+
#.....#.......##....#
##...##+##...##..##+#


You could see a deep elf annihilator.

Vanquished Creatures
  A two-headed ogre (D:9)
  A manticore (D:12)
  A cyclops (D:10)
  A centaur zombie (D:12)
  Joseph (D:8)
  A freezing wraith (D:12)
  2 trolls
  Grinder (D:4)
  A hornet (D:9)
  A hippogriff (D:10)
  7 yaks
  A wraith (D:12)
  A spriggan (D:7)
  A wyvern (D:8)
  A hungry ghost (D:8)
  A water moccasin (D:10)
  4 porcupines (D:11)
  An ice beast (D:11)
  5 sky beasts
  2 orc warriors
  A phantom (D:10)
  3 black bears
  7 ogres
  A necrophage (D:8)
  5 centaurs
  A crocodile (D:10)
  Blork the orc (D:4)
  3 big kobolds
  7 bullfrogs
  A gnoll sergeant (D:8)
  A wyvern zombie (D:8)
  A wyvern skeleton (D:9)
  2 scorpions
  7 wights
  3 crimson imps
  3 howler monkeys (D:8)
  A bullfrog zombie (D:12)
  7 hounds
  2 jellies
  5 orc wizards
  3 centaur skeletons
  A gnoll shaman (D:10)
  4 orc priests
  4 iguanas
  2 bullfrog skeletons
  6 worker ants
  2 hound skeletons
  A worker ant zombie (D:11)
  A howler monkey skeleton (D:10)
  11 gnolls
  9 adders
  A shadow imp (D:6)
  2 oozes
  3 worms
  A dart slug (D:2)
  3 leopard geckos
  25 orcs
  6 bats
  8 giant cockroaches
  6 goblins
  4 hobgoblins
  7 jackals
  24 kobolds
  2 quokkas (D:4)
  2 ball pythons (Sewer)
  9 frilled lizards
  A giant cockroach zombie (D:5)
  A jackal skeleton (D:7)
  A leopard gecko zombie (D:8)
  2 quokka skeletons
  10 rats
  A fungus (D:11)
260 creatures vanquished.

Vanquished Creatures (others)
  A centaur (D:5)
  A howler monkey (D:5)
  A crimson imp (D:5)
  An iguana (D:5)
  A gnoll (D:5)
  A worm (D:5)
  6 fungi (D:11)
  2 plants (D:11)
14 creatures vanquished.

Grand Total: 274 creatures vanquished

Notes
Turn   | Place    | Note
-------+----------+-------------------------------------------
     0 | D:1      | Peloso the Demigod Fighter began the quest for the Orb.
     0 | D:1      | Reached XP level 1. HP: 18/18 MP: 3/3
   817 | D:2      | Reached XP level 2. HP: 25/25 MP: 4/4
  1873 | D:3      | Found a glowing drain.
  1906 | Sewer    | Entered a sewer
  1959 | Sewer    | Reached XP level 3. HP: 31/31 MP: 5/5
  1982 | Sewer    | Noticed a big kobold
  1982 | Sewer    | Noticed a big kobold
  1999 | Sewer    | Killed a big kobold
  1999 | Sewer    | Reached XP level 4. HP: 28/38 MP: 6/6
  2009 | Sewer    | Killed a big kobold
  2009 | Sewer    | Reached XP level 5. HP: 6/45 MP: 7/7
  2576 | D:3      | HP: 2/45 [gnoll/+0 spear (6)]
  2578 | D:3      | Reached skill level 1 in Dodging
  4093 | D:4      | Noticed an ogre
  4111 | D:3      | Reached XP level 6. HP: 50/51 MP: 8/8
  4769 | D:4      | Found a stormy altar of Qazlal.
  4773 | D:4      | Found a bloodstained altar of Trog.
  4815 | D:4      | Noticed Grinder
  4816 | D:4      | Paralysed by Grinder for 6 turns
  4828 | D:4      | Paralysed by Grinder for 6 turns
  4843 | D:4      | Killed Grinder
  4843 | D:4      | Reached XP level 7. HP: 26/58 MP: 9/9
  5053 | D:4      | Noticed Blork the orc
  5085 | D:4      | Killed Blork the orc
  5135 | D:4      | Found Bustebi's Food Emporium.
  5147 | D:4      | Reached skill level 5 in Long Blades
  5396 | D:5      | Entered Level 5 of the Dungeon
  5406 | D:5      | Found a shimmering altar of Xom.
  5545 | D:5      | Found a radiant altar of Vehumet.
  5583 | D:5      | Found a staircase to the Ecumenical Temple.
  6048 | D:5      | Got a steaming chain mail
  6054 | D:5      | Identified the cursed +0 chain mail of the Sunfish {*Contam
                  | +Fly rCorr Int+2} (You found it on level 5 of the Dungeon)
  6344 | D:6      | Reached XP level 8. HP: 53/66 MP: 10/10
  6472 | D:6      | Reached skill level 5 in Shields
  6527 | D:6      | Found a shadowy altar of Dithmenos.
  6571 | D:6      | Found a glowing golden altar of the Shining One.
  7109 | D:7      | Found a sparkling altar of Nemelex Xobeh.
  7142 | D:7      | Found a white marble altar of Elyvilon.
  7324 | D:7      | Noticed Prince Ribbit
  7443 | D:7      | Got a jewelled spear
  7444 | D:7      | Identified the +10 spear of the Hero {holy, SInv} (You
                  | found it on level 7 of the Dungeon)
  7625 | D:7      | Reached skill level 5 in Armour
  7985 | D:8      | Found a glowing silver altar of Zin.
  7993 | D:8      | Reached XP level 9. HP: 65/72 MP: 11/11
  8103 | D:8      | Noticed Joseph
  8122 | D:8      | Reached skill level 1 in Polearms
  8197 | D:8      | Killed Joseph
  8300 | D:8      | HP: 1/73 [gnoll/+0 halberd (10)]
  9208 | D:9      | Reached skill level 5 in Fighting
  9373 | D:9      | Paralysed by a hornet for 2 turns
  9913 | D:9      | Reached XP level 10. HP: 42/81 MP: 13/13
 10444 | D:9      | Noticed a two-headed ogre
 10457 | D:9      | Killed a two-headed ogre
 10602 | D:10     | Entered Level 10 of the Dungeon
 11081 | D:10     | Noticed a cyclops
 11099 | D:10     | Killed a cyclops
 11695 | D:11     | Found a staircase to the Lair.
 11818 | D:11     | Reached XP level 11. HP: 39/89 MP: 14/14
 12638 | D:11     | Found Mipaczec's General Store.
 12736 | D:12     | Reached skill level 10 in Shields
 12850 | D:12     | Got a slimy cloak
 12869 | D:12     | Identified the cursed +0 cloak of Eternal Night {*Slow
                  | rElec Str+2 Stlth+} (You found it on level 12 of the
                  | Dungeon)
 12905 | D:12     | Reached skill level 10 in Long Blades
 12917 | D:12     | Noticed a deep elf annihilator
 12923 | D:12     | Killed from afar by a deep elf annihilator

Levels and vault maps discovered:
D:1:      minmay_arrival_four_loops, layout_loops_ring, minmay_door_square,
          kennysheep_minor_cross
D:2:      layout_basic, serial_curves, eino_curves_03, eino_curves_01,
          hangedman_decor_growths
D:3:      layout_basic, first_ration, cheibrodos_sewer_entry_bend,
          minmay_misc_feat_columns, chequers_arboretum
D:4:      layout_cave_pools, bloody_trog, kennysheep_mini, serial_shops,
          nicolae_shop_temple_entry_statues_fountains, uniq_grinder,
          uniq_blork_the_orc
D:5:      layout_cave_pods, lemuel_round_altar, minmay_temple_entry_mini_moons,
          xom_confusion_cloud
D:6:      layout_cave_pools, grunt_dithmenos_shadows, tso_metal_star
D:7:      layout_gridville, nemelex_xobeh_ov_fountains_minmay, basic_altar,
          the_bakery, uniq_prince_ribbit1
D:8:      layout_loops_ring, overflow_temple_1_default, minmay_diced_spiral,
          uniq_joseph
D:9:      layout_roguey
D:10:     minmay_distorted_concentric_squares, layout_basic
D:11:     layout_basic, due_lair_maze_entry_diamond, serial_shops, shop,
          hangedman_abyss_or_decor_stagger, nrook_pool_corridor
D:12:     minmay_box_of_curves, layout_long_grid, orc_0_dummy, basic_altar,
          nicolae_ru_sacrificial_ziggurat

Skill      XL: |  1  2  3  4  5  6  7  8  9 10 11 |
---------------+----------------------------------+-----
Long Blades    | 2 3 4 5 7 8 9 10 | 10.0
Fighting       | 3 4 5 6 |  6.1
Armour         | 3 4 5 6 |  6.6
Shields        | 3 4 6 8 9 10 | 10.2
Dodging        | 1 2 3 |  3.4
Polearms       | 1 |  1.1
Stealth        | |  0.4

Action                   |  1- 3 |  4- 6 |  7- 9 | 10-12 || total
-------------------------+-------+-------+-------+-------++-------
Melee: Long sword        |    99 |   214 |   602 |   515 ||  1430
       Spear             |       |       |    30 |       ||    30
  Use: Potion            |     4 |     1 |     5 |     3 ||    13
       Scroll            |       |       |    13 |       ||    13
  Eat: Chunk             |     3 |     9 |    17 |     6 ||    35
       Ration            |       |       |     2 |     1 ||     3
Armor: Scale mail        |    68 |   116 |    41 |       ||   225
       Chain mail        |       |       |   184 |   132 ||   316
Dodge: Dodged            |    40 |   103 |   130 |    71 ||   344
Block: Shield            |    59 |   172 |    57 |       ||   288
       Large shield      |       |       |   532 |   557 ||  1089
       Rpst.: Long sword |    12 |    25 |    37 |    12 ||    86
